Cogmind - Beta 15 @@@ ROGUE MODE // 2025.05.06 @ 22:07:12 Player: Photonicus Result: Destroyed by G-34 Mercenary with Small Laser Performance ------------- Evolutions (1) 500 Regions Visited (2) 400 Robots Destroyed (42) 210 Value Destroyed (642) 642 Prototype IDs (1) 20 Alien Tech Used (0) 0 Bonus (0) 0 TOTAL SCORE: 1772 Bonus ------- None Cogmind --------- Core Integrity 0/400 Matter 285/300 Energy 100/100 System Corruption 4% Temperature Cool (6) Movement Walking (190) Ox1 Location -9/Materials Parts ------- > --- POWER (2) -------- (None) > --- PROPULSION (3) --- Aluminum Leg > --- UTILITY (2) ------ Large Storage Unit Hacking Suite > --- WEAPON (2) ------- (None) > --- INVENTORY (15) --- Large Storage Unit Cargo Storage Unit High-capacity Battery (250) Compact Matter Pod (150) Light Armor Plating Light Armor Plating Peak State ------------ > --- POWER ------------ Ion Engine Light Ion Engine > --- PROPULSION ------- Aerolev Unit Aerolev Unit > --- UTILITY ---------- Large Storage Unit Hacking Suite > --- WEAPON ----------- Beam Rifle Light Assault Rifle > --- INVENTORY -------- Aerolev Unit Aerolev Unit Large Storage Unit Cargo Storage Unit High-capacity Battery Compact Matter Pod Light Armor Plating Light Armor Plating Small Laser [Rating: 18] Favorites ----------- Power Light Ion Engine Engine Light Ion Engine Propulsion Light Treads Treads Light Treads Leg Aluminum Leg Hover Unit Aerolev Unit Utility Large Storage Unit Storage Large Storage Unit Processor Signal Interpreter Hackware Hacking Suite Weapon Light Assault Rifle Energy Gun Small Laser Energy Cannon Particle Cannon Ballistic Gun Light Assault Rifle Build | -11 -10 -9 ------- Run | Yrd Mat Mat Slots Evolved 2 | . . 2 Power 1 | . . 1 Propulsion 1 | . . 1 Utility . | . . . Weapon . | . . . Parts Attached 29 | 8 9 12 Power 5 | 1 1 3 Engine 5 | 1 1 3 Core . | . . . Reactor . | . . . Propulsion 9 | 2 2 5 Treads 2 | 2 . . Leg 5 | . 2 3 Wheel . | . . . Hover 2 | . . 2 Flight . | . . . Utility 7 | 2 4 1 Device . | . . . Storage 5 | 2 3 . Processor 1 | . 1 . Hackware 1 | . . 1 Protection . | . . . Artifact . | . . . Weapon 8 | 3 2 3 Energy Gun 4 | 2 1 1 Energy Cannon 1 | . . 1 Ballistic Gun 3 | 1 1 1 Ballistic Cannon . | . . . Launcher . | . . . Special Weapon . | . . . Impact Weapon . | . . . Slashing Weapon . | . . . Piercing Weapon . | . . . Special Melee Weapon . | . . . Unidentified Prototypes 1 | . . 1 Parts Lost 8 | . 1 7 Power 4 | . 1 3 Propulsion 1 | . . 1 Utility . | . . . Weapon 3 | . . 3 Highest Loss Streak 6 | . 1 6 To Critical Strikes . | . . . Average Backups 5 | 1 2 8 Power . | . . . Propulsion 1 | . . 1 Utility 3 | . 1 5 Weapon . | 1 . 1 Tool/Special . | . . . Unused Backups 9 | . 2 7 Power . | . . . Propulsion 4 | . 2 2 Utility 5 | . . 5 Weapon . | . . . Tool/Special . | . . . Average Slot Usage (%) 86 | . 92 80 Engine 15 | . 11 18 Treads 12 | . 26 . Leg 8 | . 1 14 Hover 2 | . . 5 Storage 14 | . 19 11 Processor 2 | . 4 1 Hackware 5 | . . 9 Energy Gun 10 | . 14 6 Energy Cannon 2 | . . 3 Ballistic Gun 11 | . 14 9 Peak Build Rating 18 | 7 8 18 Average Rating 9 | 4 6 13 On Entrance 4 | . 7 7 Naked Turns . | . . . Heaviest Build 148 | 18 148 35 Greatest Support 40 | 40 40 33 Greatest Overweight (x) 9 | . 3 9 Average Overweight (x) 1 | . . 1 Largest Inventory Capacity 30 | 8 30 15 Average Capacity 16 | 6 18 15 Most Carried 15 | 3 10 15 Average Carried 6 | 1 4 9 Final Capacity 15 | 8 15 15 Final Carried 7 | 1 7 7 Class Distribution -------------------- 82% | Mutant 12% | Hauler-Mutant 5% | Scavenger-Mutant Dominant Class ---------------- Mutant | -10/Materials Mutant | -9/Materials Resources | -11 -10 -9 ----------- Run | Yrd Mat Mat Matter Collected 819 | 314 165 340 Remotely . | . . . Salvage Created 965 | 115 246 604 Parts 80 | 9 25 46 Haulers Intercepted . | . . . Recyclers Shooed . | . . . Parts Field Recycled . | . . . Retrieved Matter . | . . . Parts Self-Destructed . | . . . Prevented . | . . . Kills | -11 -10 -9 ------- Run | Yrd Mat Mat Combat Hostiles Destroyed 25 | . 7 18 Guns 19 | . 7 12 Cannons 6 | . . 6 Classes Destroyed 8 | 3 4 1 Worker 6 | 2 3 1 Builder 2 | . 2 . Tunneler 3 | 2 1 . Recycler 1 | 1 . . Watcher 5 | . 2 3 Swarmer 16 | . 6 10 Grunt 6 | . 1 5 Sentry 3 | . . 3 Best Kill Streak 10 | 2 4 10 Combat Bots Only 8 | . 4 8 Max Kills in Single Turn 2 | 1 2 2 Gunslinging 1 | . 1 . Exploded . | . . . Melee . | . . . Uniques/NPCs Destroyed . | . . . Combat | -11 -10 -9 -------- Run | Yrd Mat Mat Hostile Shots Fired 230 | . 69 161 Missed 58 | . 23 35 Hits 172 | . 46 126 Projectile 172 | . 46 126 Critical Strikes 3 | . . 3 Damage Taken 1748 | . 372 1376 Core 472 | . 66 406 Absorbed by Shields . | . . . Core Remaining (%) 86 | 100 73 . Volleys Fired 116 | 8 41 67 Largest 2 | 2 2 2 Hottest 88 | 60 60 88 Shots Fired 202 | 16 78 108 Gun 175 | 16 78 81 Cannon 27 | . . 27 Launcher . | . . . Special . | . . . Kinetic 109 | 8 41 60 Thermal 93 | 8 37 48 Explosive . | . . . Electromagnetic . | . . . Robot Hit Streak 12 | 7 6 12 Robot Miss Streak 4 | 2 3 4 Penetration Max . | . . . Secondary Targets 5 | . 4 1 Max Gunslinging Chain 1 | . 1 1 Shots Hit Robots 116 | 10 43 63 Core Hits 58 | 6 19 33 Critical Kills . | . . . Critical Parts Destroyed . | . . . Critical Strikes 1 | . . 1 Burn 1 | . . 1 Melee Attacks . | . . . Impact . | . . . Slashing . | . . . Piercing . | . . . Sneak Attacks . | . . . Combat Hostiles . | . . . Follow-up Attacks . | . . . Damage Inflicted 1422 | 113 475 834 Guns 1081 | 113 475 493 Cannons 331 | . . 331 Explosions . | . . . Melee . | . . . Ramming 10 | . . 10 Kinetic 555 | 39 204 312 Thermal 857 | 74 271 512 Explosive . | . . . Electromagnetic . | . . . Impact . | . . . Slashing . | . . . Piercing . | . . . Highest Corruption 4 | . . 4 Average Corruption 4 | . . 4 Corruption Purged . | . . . Corruption Blocked . | . . . Effects 8 | . . 8 Message Errors 2 | . . 2 Matter Fused 2 | . . 2 Heat Flow Errors 2 | . . 2 Data Loss (minor) 1 | . . 1 Alerts 1 | . . 1 Overload Shots . | . . . Overflow Damage 1 | . . 1 Projectiles 1 | . . 1 Explosions . | . . . Melee . | . . . Knockbacks . | . . . Impact . | . . . Kinetic . | . . . Secondary . | . . . Self-Inflicted Damage . | . . . Shots . | . . . Rammed . | . . . Targets Rammed 3 | . . 3 Kicked 3 | . . 3 Crushed . | . . . Highest Temperature 246 | 20 40 246 Average Temperature 94 | 20 13 105 Received Heat Transfer 465 | . 12 453 Effects 2 | . . 2 Interference 2 | . . 2 Siege Activations . | . . . Martial Activations . | . . . Shielding Activations . | . . . Robots Disrupted . | . . . Combat Hostiles . | . . . Robots Corrupted . | . . . Combat Hostiles . | . . . Parts Fried . | . . . Impact Corruptions . | . . . Robots Melted . | . . . Combat Hostiles . | . . . Parts Melted 1 | . . 1 Heat Transferred 1899 | 175 600 1124 Parts Sabotaged . | . . . Parts Stolen . | . . . Parts Stripped . | . . . Power Chain Reactions . | . . . Alert | -11 -10 -9 ------- Run | Yrd Mat Mat Maximum Alert Level 1 | . . 1 Low Security (%) 86 | 100 100 72 Level 1 13 | . . 27 Level 2 . | . . . Level 3 . | . . . Level 4 . | . . . Level 5 . | . . . High Security . | . . . Max Security . | . . . Peak Influence 266 | 10 80 266 Initial 6 | . 6 5 Average 82 | 1 22 144 Influence Increases 768 | 25 219 524 Destroy 0b10 Robot/C 500 | . 140 360 Destroy 0b10 Robot/NC 85 | 25 40 20 Destroy Leader 100 | . 24 76 Successful Hack 23 | . 15 8 Disable Machine 30 | . . 30 Lose Combat Pursuer 30 | . . 30 Influence Decreases 622 | 15 216 391 Entered New Map 12 | . 4 8 Time Decay 530 | 15 202 313 Lost Part 80 | . 10 70 Squads Dispatched 3 | . . 3 Investigation 1 | . . 1 Extermination . | . . . Reinforcement 2 | . . 2 Assault . | . . . Garrison . | . . . Intercept . | . . . Searches Triggered . | . . . Construction Impeded . | . . . Haulers Reinforced . | . . . Active Scanning Responses . | . . . Cargo Convoy Interrupts . | . . . Stealth | -11 -10 -9 --------- Run | Yrd Mat Mat Distress Signals 4 | . 1 3 Communications Jammed . | . . . Distress Signals . | . . . Times Spotted 47 | . 14 33 Peak Tracking Total 7 | . 4 7 Tactical Retreats 2 | . . 2 Traps | -11 -10 -9 ------- Run | Yrd Mat Mat Traps Triggered . | . . . Indirectly . | . . . Trap Hack Attempts . | . . . Triggered . | . . . Disarmed . | . . . Reprogrammed . | . . . Reused . | . . . Traps Extracted . | . . . Installed . | . . . Triggered . | . . . Machines | -11 -10 -9 ---------- Run | Yrd Mat Mat Machines Disabled 2 | . . 2 Max in Single Turn 1 | . . 1 Machines Repaired . | . . . Machines Dismantled . | . . . Machines Sabotaged . | . . . Overloaded Fab Kills . | . . . Hacking | -11 -10 -9 --------- Run | Yrd Mat Mat Machines Accessed 6 | . 4 2 Terminals 4 | . 2 2 Fabricators . | . . . Repair Stations . | . . . Recycling Units 2 | . 2 . Scanalyzers . | . . . Garrison Access . | . . . Total Hacks 14 | . 8 6 Successful 10 | . 5 5 Failed 4 | . 3 1 Catastrophic . | . . . Database Lockouts . | . . . Manual 6 | . 6 . Terminals 10 | . 4 6 Fabricators . | . . . Repair Stations . | . . . Recycling Units 4 | . 4 . Scanalyzers . | . . . Garrison Access . | . . . Terminal Hacks 8 | . 3 5 Record 5 | . 1 4 Robot Analysis 1 | . 1 . Alert Level 1 | . . 1 Locate Traps 1 | . 1 . Fabricator Hacks . | . . . Repair Station Hacks . | . . . Recycling Unit Hacks 2 | . 2 . Recycle Component 2 | . 2 . Scanalyzer . | . . . Garrison Access Hacks . | . . . Unauthorized Hacks . | . . . Terminals . | . . . Fabricators . | . . . Repair Stations . | . . . Recycling Units . | . . . Scanalyzers . | . . . Garrison Access . | . . . Data Cores Recovered . | . . . Used . | . . . Hacking Detections 5 | . 3 2 Full Trace Events 2 | . . 2 Feedback Events . | . . . Feedback Blocked . | . . . Robot Schematics Acquired . | . . . Robots Built . | . . . Authchips . | . . . Time . | . . . Total Robot Build Rating . | . . . Part Schematics Acquired . | . . . Parts Built . | . . . Authchips . | . . . Time . | . . . Total Part Build Rating . | . . . Parts Repaired . | . . . Time . | . . . Parts Recycled 2 | . 2 . Recycled Matter . | . . . Retrieved Matter . | . . . Retrieved Components . | . . . Parts Scanalyzed . | . . . Part Schematics Acquired . | . . . Parts Damaged . | . . . Bothacking | -11 -10 -9 ------------ Run | Yrd Mat Mat Used RIF Installer . | . . . Robots Hacked . | . . . Non-combat . | . . . Combat . | . . . Robot Hacks Applied . | . . . Relay Couplers Released . | . . . Fabnet Peak Effective % . | . . . Robots Rewired . | . . . Allies Hacked . | . . . Hacks Repelled . | . . . Allies | -11 -10 -9 -------- Run | Yrd Mat Mat Total Allies . | . . . Largest Group . | . . . Highest-Rated Group . | . . . Highest-Rated Ally . | . . . Total Orders . | . . . Ally Attacks . | . . . Total Damage . | . . . Kills . | . . . Allies Corrupted . | . . . Allies Melted . | . . . Intel | -11 -10 -9 ------- Run | Yrd Mat Mat Active Infowar (turns) . | . . . Robot Analysis Total 1 | . 1 . Derelict Logs Recovered . | . . . Drone Launches . | . . . Drone Recoveries . | . . . Exploration | -11 -10 -9 ------------- Run | Yrd Mat Mat Turns Passed 1684 | 118 715 851 Spaces Moved 647 | 55 249 343 Core 11 | 10 . 1 Treads 275 | 45 230 . Legs 212 | . 19 193 Wheels . | . . . Hover 149 | . . 149 Flight . | . . . Fastest Speed 50 | 50 160 120 Average Speed 197 | 140 229 183 Slowest Speed 500 | 160 400 500 Overloaded Moves . | . . . Propulsion Burnouts . | . . . Robots Hopped . | . . . Potential Cave-ins . | . . . Cave-ins Triggered . | . . . Exploration Rate (%) 30 | 4 45 42 Regions Visited 2 Branch Regions . Pre-discovered Areas . | . . . Known Exits Taken 1 | . 1 . Unknown Exits Taken 1 | 1 . . Scrap Searched . | . . . Spaces Dug . | . . . Terrain Destroyed . | . . . Melee . | . . . Projectile . | . . . AOE . | . . . Terrain Rammed . | . . . Walls Destroyed . | . . . Machines Disabled . | . . . Actions | -11 -10 -9 --------- Run | Yrd Mat Mat Total 872 | 81 318 473 Wait 17 | . . 17 Move 645 | 54 248 343 Hop . | . . . Pick Up 38 | 8 13 17 Fast Attach . | . . . Attach 20 | 9 4 7 Detach 4 | 2 2 . Swap 12 | . 6 6 Drop 17 | . 4 13 Fire 116 | 8 41 67 Melee . | . . . Ram . | . . . Kick 3 | . . 3 Crush . | . . . Escape Stasis . | . . . Rewire . | . . . Trap . | . . . Miscellaneous . | . . . Route ------- -11/Scrapyard -10/Materials (discovered 2 exits: *Mat / [*Min]) -9/Materials (discovered 1 exit: [*Mat]) History --------- Turn | Location | Event 3 | -11/Scrapyard | Discovered new exit (range 15) 119 | -11/Scrapyard | Entered Materials 183 | -10/Materials | Discovered new exit (range 13) 195 | -10/Materials | Discovered new exit (range 16) 727 | -10/Materials | Build established: Mutant 832 | -10/Materials | Identified exit to Materials 834 | -10/Materials | Entered another Materials area 834 | -9/Materials | Evolved 2 slots: Power x1, Propulsion x1 1117 | -9/Materials | Destroyed 8 combat bots 1263 | -9/Materials | Discovered new exit (range 15) 1617 | -9/Materials | Core integrity fell below 50% 1643 | -9/Materials | Core integrity fell below 20% 1671 | -9/Materials | Lost 6 parts (2p1n3w) 1685 | -9/Materials | Destroyed by G-34 Mercenary with Small Laser Last Messages --------------- stations can complete complex tasks more quickly. 01582_ ALERT: Suspicious activity at Terminal M009. Dispatching Investigation squad. 01587_ System corrupted: IFF burst signal emitted. 01614_ Terminal unresponsive. 01616_ Lgt. Assault Rifle destroyed. 01619_ Lgt. Ion Engine destroyed. 01619_ Aerolev Unit destroyed. 01620_ Beam Rifle destroyed. 01626_ S-10 Pest destroyed. 01630_ Imp. Ion Engine destroyed. 01631_ System corrupted: Matter fused (-5). 01632_ S-10 Pest destroyed. 01636_ Y-45 Defender destroyed. 01638_ S-10 Pest destroyed. 01640_ Sml. Laser destroyed. 01654_ I/ AIDJ/EK 3GNYR>W/% 7UY:B>BEB#EOZ L7Q| 01684_ U-05 Engineer destroyed. Map ----- +----------------------------------------------------+ | ????????????????????????????? + ## # # | | ??????????????????????????????# ## < # # | | ???? ???????????????????####### ## # # | | ???# ?#?????????????????# ###+### + # | | ??? ?????????????????# # # | | ??? ?????????????????# " # # | | ??? T ?????????????????# # # | | +?? ?????????????????# ####### ########## | | ??# #?????????????????## ######## #????????? | | ??# #??????????????????# # # ########## | | ??# #??????????????????# # + | | ??# #??????????#######?# # """# | | ??# #??????????# T #?# # """# | | ??# ############ #?# # """# | | #??# ## # #?# # # | | #??#[=## # #?# ######## | | #??#%=## # #?# #??????# ########## | | #?##*%## # """ #?# #??????# ########## | | ###=%* # # """ #?# #??????# # | | !!%[ # # """ #?# #??????# # | | !*[ T / # """ #?# #??????# # | | ### # # """ #?# #??????# # | | #?##############+# #?# #??????# # | | #?????# # # #?# #??????# # ! | | #?????# """" # ##+###### ####+### ########## | | ##????# """" # g @ ????? | | #????# """" /ug | r ?????? | | %###### # !%* ??????? | | %[ %+ ####+####+#############+########### | | ###### " " #? ?? #???????????? ???# | | ##????# "R" # ? #????????????????# ! | | #?????# """ # #????????????????# % | | +?????########## #????????????????# = | | #??????????????# [[[ #????????????????# | | #??????????????# [[[ #????????????????# | | #??????????????# [[ #????????????????# | | #??????????????# #????????????????# | | #??????????????##########?????????????????# | | ??????????????????????????????????????????# | | ??????????????????????????????????????????# | | ??????????????????????????????????????????######## | | ?????????????????????????????????????????????????? | | ?????????????????????????????????????????????????? | | ?????????????????????????????????????????????????? | | ?????????????????????????????????????????????????? | | ?????????????????????????????????????????????????? | | ?????????????????????????????????????????????????? | | ?????????????????????????????????????????????????? | | ?????????????????????????????????????????????????? | | ???????????????????????????????????????????##+#### | +----------------------------------------------------+ Best States ------------- Heat Dissipation 28 Energy Generation 17 Energy Capacity 290 Matter Stores 300 Matter Capacity 300 Sight Range 16 Terrain Scan Density 10 Evasion (%) 55 Recoil Reduction 2 Offensive Hacking 10 Item Schematics ----------------- None Robot Schematics ------------------ None Fabricated ------------ Nothing Repaired ---------- Nothing Alien Tech Used ----------------- None Achievements -------------- None Challenges ------------ None Game ------ Seed CompanionRefineryDissipator Manual? 0 Play Time 00:31:31 Cumulative 58.0 hours Start 2025.05.06 @ 21:35:08 End 2025.05.06 @ 22:07:12 Sessions 1 Manual Loads 0 Difficulty Rogue Special Mode None Game No. 33 Rogue 4 Adventurer 29 Explorer 0 Win Type - Total 1 Types 1/0/0/0/0/0/0/0/0/0 Lore% 6 Gallery% 28 Achievement% 29 Wizard Run 0 Options --------- Layout 1 ASCII 0 Keyboard 0 Movement Mouse Keybinds 0 Fullscreen 1 Font 24/Smallcaps Map View 50x35 Zoom Use 0% Tactical HUD 1 Map Filters NONE Filters NONE Steam 1 RUN: 2755fd48-0f86-4dbb-9cfc-b3cd78f5dddd